 Dungeon Crawl Stone Soup version 0.21-a0-525-ga34b322 (webtiles) character file.

15201 Amnesiac the Archer (level 11, -1/87 HPs)
             Began as a Mummy Hunter on Dec 7, 2017.
             Was a High Priest of Okawaru.
             Hit by a large rock thrown by a cyclops (4 damage)
             ... on level 13 of the Dungeon.
             The game lasted 00:27:53 (14379 turns).

Amnesiac the Archer (Mummy Hunter)                 Turns: 14379, Time: 00:27:54

Health: -1/87      AC: 16    Str: 18    XL:     11   Next: 98%
Magic:  14/14      EV:  9    Int: 10    God:    Okawaru [*****.]
Gold:   291        SH:  0    Dex: 17    Spells: 10/10 levels left

rFire    . . .     SeeInvis .   J - +0 longbow
rCold    + . .     Gourm    .   (shield currently unavailable)
rNeg     + + +     Faith    .   A - +0 plate armour
rPois    ∞         Spirit   .   (no helmet)
rElec    .         Reflect  .   (no cloak)
rCorr    .         Harm     +   I - +1 pair of gloves {Dex+3} {god gift}
MR       +....                  q - +0 pair of boots
Stlth    ..........             E - amulet of harm
HPRegen  0.24/turn              j - +1 ring of slaying
MPRegen  0.14/turn              F - ring of protection from fire

@: no status effects
A: no food or potions, fire vulnerability, cold resistance 1, negative energy
resistance 3, torment resistance, unbreathing
a: Heroism, Finesse, Renounce Religion


You were on level 13 of the Dungeon.
You worshipped Okawaru.
Okawaru was extremely pleased with you.
You were not hungry.

You visited 1 branch of the dungeon, and saw 13 of its levels.

You collected 753 gold pieces.
You spent 462 gold pieces at shops.

Inventory:

Hand Weapons
 b - a +0 hunting sling
 G - a +1 great sword of pain
 H - a +1 dagger of electrocution
 J - a +0 longbow (weapon)
Missiles
 d - 197 arrows (quivered)
 e - 2 throwing nets
 l - 26 poisoned needles
 o - 395 stones
Armour
 q - a +0 pair of boots (worn)
 A - a +0 plate armour (worn)
 I - a +1 pair of gloves of dexterity (worn) {god gift}
Jewellery
 a - an uncursed amulet of the gourmand {unknown}
 i - an uncursed ring of fire
 j - a +1 ring of slaying (left hand)
 k - an uncursed ring of flight
 s - an uncursed amulet of guardian spirit
 x - a +3 ring of evasion
 D - an uncursed ring of protection from magic
 E - an amulet of harm (around neck)
 F - a ring of protection from fire (right hand)
Wands
 r - a wand of clouds (6)
 t - a wand of polymorph (37)
 u - a wand of flame (51)
 z - a wand of paralysis (12)
 B - a wand of iceblast (3)
 K - a wand of acid (4)
Scrolls
 c - 2 scrolls of blinking {!r}
 f - 4 scrolls of identify {!r}
 g - 2 scrolls of immolation {!r}
 h - a scroll of fear {!r}
 m - 5 scrolls of remove curse {!r}
 n - 10 scrolls of teleportation {!r, unknown}
 p - 3 scrolls of magic mapping {!r}
 v - a scroll of enchant armour {!r}
 w - 6 scrolls of amnesia {!r}
 C - 2 scrolls of fog {!r}
Books
 y - a book of Conjurations

   Spells                             Type                      Level
   a - Magic Dart                     Conjuration                  1
   b - Searing Ray                    Conjuration                  2
   c - Dazzling Spray                 Conjuration/Hexes            3
   d - Fulminant Prism                Conjuration/Hexes            4
   e - Force Lance                    Conjuration/Translocation    4
   f - Iskenderun's Mystic Blast      Conjuration                  4
 L - Sif Muna's Compendium of Boosting Battle Magic
   (You found it on level 11 of the Dungeon)

   Spells                             Type                      Level
   a - Magic Dart                     Conjuration                  1
   b - Song of Slaying                Charms                       2
   c - Throw Icicle                   Conjuration/Ice              4
   d - Deflect Missiles               Charms/Air                   6
   e - Orb of Destruction             Conjuration                  7


   Skills:
 + Level 8.8 Fighting
 * Level 10.5 Bows
 + Level 7.3 Armour
 + Level 7.3 Dodging
 - Level 0.7 Stealth
 * Level 4.3 Invocations


You had 10 spell levels left.
You didn't know any spells.

Dungeon Overview and Level Annotations

Branches:
Dungeon (12/15)            Temple (0/1) D:5            Lair (0/6) D:10
    Orc (0/2) D:9

Altars:
Cheibriados
Elyvilon
Kikubaaqudgha
Nemelex Xobeh
Okawaru
Qazlal
Sif Muna
Uskayaw
Vehumet
Xom
Yredelemnul
The Shining One
Beogh

Shops:
D:10 *

Portals:
Trove: D:10 (show slimy rune of Zot)


Innate Abilities, Weirdness & Mutations

You do not eat or drink.
Your flesh is vulnerable to fire.
You are immune to poison.
Your flesh is cold resistant. (rC+)
You are immune to negative energy. (rN+++)
You are immune to unholy pain and torment.
You can survive without breathing.


Message History

You kill the centaur!
Okawaru accepts your kill.
The red ugly thing pecks you but does no damage.
Firing (i - inventory. (,) - cycle):
d - 165 arrows (quivered)
Press: ? - help, Shift-Dir - straight line, f/p - red ugly thing
Aim: a red ugly thing (almost dead)
You shoot an arrow.
The arrow barely misses the red ugly thing.
Firing (i - inventory. (,) - cycle):
d - 164 arrows (quivered)
Press: ? - help, Shift-Dir - straight line, f/p - red ugly thing
Aim: a red ugly thing (almost dead)
You shoot an arrow. The arrow hits the red ugly thing.
The red ugly thing is almost dead.
The red ugly thing misses you.
Firing (i - inventory. (,) - cycle):
d - 163 arrows (quivered)
Press: ? - help, Shift-Dir - straight line, f/p - red ugly thing
Aim: a red ugly thing (almost dead)
You shoot an arrow. The arrow hits the red ugly thing!!
You kill the red ugly thing!
Okawaru accepts your kill.
Put on which piece of jewellery? (? for menu, Esc to quit)
You're wearing all the rings you can.
Remove which one? (? for menu, Esc to cancel) < or
j - a +1 ring of slaying; > or
x - a +3 ring of evasion You remove your +3 ring of evasion.
F - a ring of protection from fire (right hand)
d - 164 arrows (gained 2)
d - 167 arrows (gained 3)
You see here an ugly thing corpse.
d - 168 arrows (gained 1)
Things that are here:
a giant club; an ogre corpse
d - 188 arrows (gained 20)
Things that are here:
an enchanted shortbow; a centaur corpse
d - 189 arrows (gained 1)
d - 190 arrows (gained 1)
d - 191 arrows (gained 1)
d - 192 arrows (gained 1)
You feel like a meek peon again.
d - 194 arrows (gained 2) Magic restored.
Your hands slow down.
Things that are here:
an enchanted shortbow; a centaur corpse
Things that are here:
a giant club; an ogre corpse You see here an ugly thing corpse.
d - 197 arrows (gained 3)
You open the door.
Found a stone staircase leading up and a stone staircase leading down.
There is an open door here.
A cyclops comes into view.
The cyclops shouts!
The cyclops throws a large rock.
The large rock hits you!!!
Ouch! That really hurt!
* * * LOW HITPOINT WARNING * * *
You see here a large rock.
You can't drink.
Really read
h - 2 scrolls of fear {!r}?
As you read the scroll of fear {!r}, it crumbles to dust.
You assume a fearsome visage.
The cyclops resists with some effort.
The cyclops throws a large rock.
The large rock hits you.
You die...

. . . #############
. #............ #
#............
#....#........C...
#....#......>.....
#....#.....<......
#....##...@.#
....#.....#.....#
+....#.....#.....#
#....#.....#.....#
##....+.....'.....#
.#....#.....#.....#
.#....#.....#.....#
.#....#.....#.....#
......#.########+##


You could see a cyclops.

Vanquished Creatures
  3 two-headed ogres
  Pikel (D:4)
  2 ugly things
  2 cyclopes
  The ghost of Roxy the Cudgeler, a novice FoFi of the Shining One (D:5)
  A komodo dragon (D:10)
  A queen bee (D:10)
  2 trolls
  Grinder (D:3)
  4 slime creatures (D:10)
  2 hippogriffs
  2 vampires (D:12)
  A hungry ghost (D:9)
  Menkaure (D:4)
  An acid dragon (D:11)
  A soldier ant (D:11)
  4 sky beasts
  6 orc warriors
  A black bear (D:10)
  3 phantoms (D:9)
  4 ice beasts
  6 ogres
  7 necrophages (D:7)
  An eye of draining (D:8)
  4 centaurs
  2 big kobolds
  10 bullfrogs
  Blork the orc (D:5)
  A water moccasin skeleton (D:10)
  6 scorpions
  10 wights
  30 killer bees
  6 howler monkeys
  A crimson imp (D:6)
  3 centaur zombies
  4 jellies
  8 orc wizards
  2 centaur skeletons
  12 orc priests
  5 hounds
  Ijyb (D:3)
  Natasha (thrice) (D:3)
  3 iguanas
  9 worker ants
  A killer bee zombie (D:7)
  A hound zombie (D:7)
  A hound skeleton (D:7)
  A howler monkey zombie (D:8)
  2 worker ant zombies (D:7)
  14 gnolls
  12 adders
  A howler monkey skeleton (D:4)
  2 shadow imps
  An ooze (D:3)
  3 worms
  A dart slug (D:1)
  4 leopard geckos
  49 orcs
  8 giant cockroaches
  3 goblins
  8 hobgoblins
  10 jackals
  14 kobolds
  5 quokkas
  A ball python (D:3)
  7 bats
  6 frilled lizards
  A leopard gecko skeleton (D:4)
  6 rats
341 creatures vanquished.

Vanquished Creatures (others)
  3 killer bees (D:10)
  A quokka (D:9)
  20 plants (D:10)
24 creatures vanquished.

Grand Total: 365 creatures vanquished

Notes
Turn   | Place    | Note
-------+----------+-------------------------------------------
     0 | D:1      | Amnesiac the Mummy Hunter began the quest for the Orb.
     0 | D:1      | Reached XP level 1. HP: 16/16 MP: 1/1
    29 | D:1      | Reached skill level 1 in Armour
    30 | D:1      | Reached XP level 2. HP: 18/22 MP: 2/2
   622 | D:2      | Found a faded altar of an unknown god.
   659 | D:2      | Reached XP level 3. HP: 27/27 MP: 3/3
  1190 | D:2      | Reached XP level 4. HP: 22/34 MP: 1/4
  1499 | D:3      | Noticed Natasha
  1509 | D:3      | Killed Natasha
  1547 | D:3      | Noticed Natasha
  1551 | D:3      | Killed Natasha
  1551 | D:3      | Reached skill level 4 in Bows
  1551 | D:3      | Reached XP level 5. HP: 40/40 MP: 5/5
  2085 | D:3      | Noticed Ijyb
  2142 | D:3      | Killed Ijyb
  2142 | D:3      | Reached XP level 6. HP: 42/47 MP: 6/6
  2207 | D:3      | Noticed Grinder
  2218 | D:3      | Paralysed by Grinder for 3 turns
  2225 | D:3      | Paralysed by Grinder for 7 turns
  2248 | D:3      | Killed Grinder
  2338 | D:3      | Noticed Natasha
  2351 | D:3      | Killed Natasha
  2351 | D:3      | Reached XP level 7. HP: 24/53 MP: 2/7
  2473 | D:3      | Found an iron altar of Okawaru.
  2482 | D:3      | Became a worshipper of Warmaster Okawaru
  2652 | D:4      | Reached skill level 5 in Bows
  2741 | D:4      | Found a hide-covered altar of Uskayaw.
  2923 | D:4      | Noticed Menkaure
  2932 | D:4      | Killed Menkaure
  3106 | D:4      | Found a stormy altar of Qazlal.
  3285 | D:4      | Noticed a troll
  3526 | D:5      | Entered Level 5 of the Dungeon
  3682 | D:5      | Noticed Roxy's ghost (novice FoFi)
  3685 | D:5      | Noticed Pikel
  3742 | D:4      | Killed Pikel
  3742 | D:4      | Reached * piety under Okawaru
  3742 | D:4      | Reached skill level 6 in Bows
  3742 | D:4      | Reached XP level 8. HP: 53/61 MP: 8/8
  3993 | D:5      | Killed Roxy's ghost
  3993 | D:5      | Reached ** piety under Okawaru
  3993 | D:5      | Reached skill level 5 in Fighting
  4030 | D:5      | Found a staircase to the Ecumenical Temple.
  4213 | D:5      | Found an ancient bone altar of Kikubaaqudgha.
  4313 | D:5      | Noticed Blork the orc
  4327 | D:5      | Killed Blork the orc
  4518 | D:5      | Found a sparkling altar of Nemelex Xobeh.
  4864 | D:5      | Found a shimmering altar of Xom.
  5022 | D:6      | Reached XP level 9. HP: 68/68 MP: 9/9
  5068 | D:6      | Killed a troll
  5068 | D:6      | Reached *** piety under Okawaru
  5068 | D:6      | Reached skill level 7 in Bows
  5466 | D:6      | Found a radiant altar of Vehumet.
  5564 | D:6      | Reached skill level 5 in Dodging
  5571 | D:6      | Reached skill level 5 in Armour
  6248 | D:7      | Reached skill level 8 in Bows
  6416 | D:7      | Reached **** piety under Okawaru
  6467 | D:7      | Received a gift from Okawaru
  6550 | D:7      | Reached XP level 10. HP: 75/77 MP: 10/10
  6616 | D:7      | Received a gift from Okawaru
  6888 | D:7      | Found a deep blue altar of Sif Muna.
  6891 | D:7      | Found a glowing golden altar of the Shining One.
  6894 | D:7      | Found a basalt altar of Yredelemnul.
  7351 | D:7      | Found a snail-covered altar of Cheibriados.
  8591 | D:9      | Found a staircase to the Orcish Mines.
  8653 | D:9      | Reached skill level 9 in Bows
  8668 | D:8      | Received a gift from Okawaru
  8691 | D:9      | Noticed a cyclops
  8696 | D:9      | Killed a cyclops
  9064 | D:8      | Reached ***** piety under Okawaru
  9627 | D:10     | Entered Level 10 of the Dungeon
 10026 | D:9      | Found a roughly hewn altar of Beogh.
 10057 | D:9      | Found a white marble altar of Elyvilon.
 10236 | D:10     | Reached XP level 11. HP: 86/86 MP: 11/11
 10337 | D:10     | Found a portal to a secret trove of treasure.
 10370 | D:10     | Found Ribanog's Assorted Antiques.
 10378 | D:10     | Bought a glass ring for 165 gold pieces
 10378 | D:10     | Bought a scroll labeled FUOSSE LUAGE for 33 gold pieces
 10378 | D:10     | Bought a scroll labeled XYZUKL ZESTE for 33 gold pieces
 10378 | D:10     | Bought a scroll labeled BULAAWN PETIH for 33 gold pieces
 10385 | D:10     | Bought 3 scrolls of identify for 198 gold pieces
 10388 | D:10     | Noticed a two-headed ogre
 10403 | D:10     | Killed a two-headed ogre
 10403 | D:10     | Received a gift from Okawaru
 10932 | D:10     | Reached skill level 1 in Invocations
 10976 | D:10     | Found a staircase to the Lair.
 11037 | D:10     | Received a gift from Okawaru
 11148 | D:10     | Reached skill level 10 in Bows
 11942 | D:10     | Noticed a two-headed ogre
 12703 | D:11     | Noticed a two-headed ogre
 12714 | D:11     | Killed a two-headed ogre
 12922 | D:11     | Noticed a cyan ugly thing
 12972 | D:11     | Killed a cyan ugly thing
 13320 | D:11     | Identified Sif Muna's Compendium of Boosting Battle Magic
 13709 | D:10     | Found a staircase to the Lair.
 13826 | D:10     | Killed a two-headed ogre
 13841 | D:10     | Found Ribanog's Assorted Antiques.
 14272 | D:12     | You fall through a shaft!
 14314 | D:13     | Noticed a red ugly thing
 14322 | D:13     | Killed a red ugly thing
 14378 | D:13     | HP: 3/87 [cyclops/large rock (46)]
 14379 | D:13     | Hit by a large rock thrown by a cyclops

Vault maps used:
D:1:      dpeg_arrival_tiny_a, minmay_misc_feat_pillars, minmay_unequal
D:2:      chequers_ecumenical_altar_simple, first_bread
D:3:      serial_glass, glass_columns_a, glass_columns_a, okawaru_gym_becter,
          uniq_grinder, uniq_natasha, uniq_ijyb
D:4:      eat_drink_and_be_merry_uskayaw, nicolae_zen_rock_garden,
          grunt_qazlal_clouds, uniq_menkaure
D:5:      kiku_gazebo_pond_becter, tgw_xom, nemelex_xobeh_ov_fountains_minmay,
          minmay_temple_entry_enclosed_plants, uniq_pikel, uniq_blork_the_orc
D:6:      old_standard_altar
D:7:      grunt_temple_overflow_cloverleaf, serial_undead, serial_undead_d,
          serial_undead_a, serial_undead_a, serial_undead_e, serial_undead_e,
          serial_undead_d
D:9:      elyvilon_altar_4, minmay_orc_entry_temple_small
D:10:     david_lair_shrubbed, serial_shops, nicolae_shop_trees,
          nicolae_trove_entry_crystal
D:12:     portal_ice_cave_entry_pillars_1, special_room, hangedman_fish_farm
D:13:     lemuel_old_faithful, uniq_sonja

Skill      XL: |  1  2  3  4  5  6  7  8  9 10 11 |
---------------+----------------------------------+-----
Armour         | 1 2 3 4 5 6 7 |  7.3
Dodging        | 2 3 4 5 6 7 |  7.3
Bows           | 4 6 8 9 10 | 10.5
Fighting       | 3 4 5 6 7 8 |  8.8
Invocations    | 4 |  4.3
Stealth        | |  0.7

Action                   |  1- 3 |  4- 6 |  7- 9 | 10-12 || total
-------------------------+-------+-------+-------+-------++-------
Melee: Short sword       |    45 |       |       |       ||    45
       Dagger            |       |       |       |    50 ||    50
 Fire: Shortbow          |    13 |    97 |   374 |   719 ||  1203
       Hunting sling     |    98 |   131 |   136 |    16 ||   381
       Longbow           |       |       |       |   179 ||   179
Throw: Stone             |       |     5 |       |       ||     5
Invok: Heroism           |       |       |       |     4 ||     4
       Finesse           |       |       |       |     3 ||     3
Evoke: Wand              |       |       |     7 |     7 ||    14
  Use: Scroll            |       |       |       |    13 ||    13
Armor: Leather armour    |    18 |    13 |       |       ||    31
       Ring mail         |       |    22 |       |       ||    22
       Chain mail        |       |     7 |    20 |       ||    27
       Plate armour      |       |       |   176 |   404 ||   580
Dodge: Dodged            |    45 |    75 |   150 |   369 ||   639
       Rpst.: Great sword |       |       |       |     2 ||     2

Table legend:
 A = Spawn XP
 B = Non-spawn XP
 C = Spawn XP percentage of total XP
 D = Spawn monster count
 E = Non-spawn monster count
 F = Spawn count percentage of total count
 G = Total turns spent on level
                    A         B        C        D         E        F      G
               +---------+---------+-------+---------+---------+-------+---------
         Total |       0 |   21717 |   0.0 |       0 |     344 |   0.0 | 14379
               +---------+---------+-------+---------+---------+-------+---------
           D:1 |       0 |      33 |   0.0 |       0 |      17 |   0.0 |   616
           D:2 |       0 |     115 |   0.0 |       0 |      26 |   0.0 |   793
           D:3 |       0 |     587 |   0.0 |       0 |      35 |   0.0 |  1299
           D:4 |       0 |    1134 |   0.0 |       0 |      16 |   0.0 |  1230
           D:5 |       0 |     924 |   0.0 |       0 |      14 |   0.0 |   998
           D:6 |       0 |    1622 |   0.0 |       0 |      24 |   0.0 |  1291
           D:7 |       0 |    2324 |   0.0 |       0 |      48 |   0.0 |  1573
           D:8 |       0 |    1619 |   0.0 |       0 |      29 |   0.0 |  1202
           D:9 |       0 |    2368 |   0.0 |       0 |      36 |   0.0 |   989
          D:10 |       0 |    5944 |   0.0 |       0 |      53 |   0.0 |  2524
          D:11 |       0 |    2575 |   0.0 |       0 |      22 |   0.0 |  1362
          D:12 |       0 |    1721 |   0.0 |       0 |      20 |   0.0 |   395
          D:13 |       0 |     751 |   0.0 |       0 |       4 |   0.0 |   107
               +---------+---------+-------+---------+---------+-------+---------
